 Dungeon Crawl Stone Soup version 0.27-a0-577-ge2a43ba0c9 (webtiles) character file.

Game seed: 9541171267403566997

86 srzhan31 the Conjurer (level 4, -5/25 HPs)
             Began as a Gargoyle Conjurer on Mar 10, 2021.
             Killed from afar by Ijyb (6 damage)
             ... with a puff of flame
             ... on level 3 of the Dungeon.
             The game lasted 00:06:17 (2554 turns).

srzhan31 the Conjurer (Gargoyle Conjurer)           Turns: 2554, Time: 00:06:18

Health: -5/25      AC:  7    Str: 10    XL:     4   Next: 50%
Magic:  4/7        EV: 11    Int: 20    God:
Gold:   102        SH:  0    Dex:  8    Spells: 4/7 levels left

rFire    . . .     SeeInvis .   f - +0 quarterstaff
rCold    . . .     Faith    .   (shield currently unavailable)
rNeg     + . .     Spirit   .   i - +0 leather armour
rPois    ∞         Reflect  .   (no helmet)
rElec    +         Harm     .   h - +0 cloak
rCorr    .         Rampage  .   (no gloves)
Will     .....                  (no boots)
Stlth    +.........             (no amulet)
HPRegen  0.08/turn              (no ring)
MPRegen  0.10/turn              (no ring)

@: no status effects
A: negative energy resistance 1, electricity resistance, torment resistance 1,
unbreathing 1, petrification resistance, AC +3
a: no special abilities


You were on level 3 of the Dungeon.
You visited 1 branch of the dungeon, and saw 3 of its levels.

You collected 102 gold pieces.

Inventory:

Hand Weapons
 f - a +0 quarterstaff (weapon)
Missiles
 b - 123 stones
Armour
 a - a +0 robe
 h - a +0 cloak (worn)
 i - a +0 leather armour (worn)
Scrolls
 d - 2 scrolls of teleportation {unknown}
 g - 2 scrolls of fear {unknown}
 j - 2 scrolls of immolation {unknown}
 m - a scroll of enchant weapon {unknown}
 n - 2 scrolls of identify {unknown}
 o - a scroll of enchant armour {unknown}
Potions
 c - 2 potions of ambrosia {unknown}
 e - a potion of haste {unknown}
 k - a potion of flight {unknown}
 l - a potion of curing {unknown}


   Skills:
 * Level 1.2 Fighting
 * Level 0.7 Staves
 * Level 1.1 Armour
 * Level 1.8 Dodging
 - Level 2.1 Stealth
 * Level 1.0 Shields
 * Level 2.3 Spellcasting
 * Level 5.3 Conjurations


You had 4 spell levels left.
You knew the following spells:

 Your Spells              Type           Power      Damage    Failure   Level
a - Magic Dart            Conj           92%        1d7       2%          1
b - Searing Ray           Conj           46%        3d4       3%          2

Your spell library contained the following spells:

 Spells                   Type           Power      Damage    Failure   Level
 Dazzling Flash           Conj/Hex       24%        N/A       22%         3
 Fulminant Prism          Conj/Hex       6%         3d7       56%         4
 Iskenderun's Mystic Bla  Conj/Tloc      12%        2d5       56%         4


Dungeon Overview and Level Annotations

Branches:
Dungeon (3/15)

Altars:

Annotations:
D:3 Ijyb


Innate Abilities, Weirdness & Mutations

Your stone body is resilient. (AC +3)
You are immune to poison.
You resist negative energy. (rN+)
You are resistant to electric shocks. (rElec)
You are resistant to unholy torment.
You can survive without breathing.
You are immune to petrification.


Message History

The searing ray hits the orc!
You kill the orc!
The searing ray hits the orc!
You kill the orc! (Press . to maintain the ray.) Ijyb shouts!
You hear a shout!
The orc priest looks encouraged for a moment.
Without enough magic to sustain it, your searing ray dissipates.
Ijyb zaps a wand.
The puff of flame misses you.
The orc priest calls down the wrath of Beogh upon you.
Beogh smites you!
You hear the slow rusting of a distant drain.
Ijyb zaps a wand.
The puff of flame hits you.
Ijyb zaps a wand.
The puff of flame hits you.
* * * LOW HITPOINT WARNING * * *
Ijyb zaps a wand.
The puff of flame hits you.
* * * LOW HITPOINT WARNING * * *
Ijyb zaps a wand.
The puff of flame hits you but does no damage.
There is a stone staircase leading up here.
You climb upwards.
There is a stone staircase leading down here.
There is a stone staircase leading down here.
You climb downwards.
You hear the sound of rushing water.
There is an entrance to a sewer on this level.
Hurry and find it before the portal rusts away!
Level annotation: Ijyb
There is a stone staircase leading up here.
A rat comes into view.
Aiming: Magic Dart (safe; 2% risk of failure)
Press: ? - help, Q - select action, (/) - cycle Shift-Dir - straight line, f - rat
Aim: a rat (0% to evade)
The magic dart hits the rat.
You kill the rat!
Ijyb zaps a wand.
The puff of flame hits you!
* * * LOW HITPOINT WARNING * * *
Found a viscous pink potion.
Ijyb screams, "Get away!"
Ijyb zaps a wand.
The puff of flame hits you.
You die...

#..##.#..#
#..##....#
#..#.g...#
#..#.##..#
#........#
#.......##
####.####
#.# #@#
#.# #!#
..# ###


You could see Ijyb.

Vanquished Creatures
  An orc priest (D:3)
  2 leopard geckos
  2 orcs (D:3)
  9 bats
  3 giant cockroaches (D:2)
  9 goblins
  4 hobgoblins
  4 jackals (D:2)
  5 frilled lizards
  5 kobolds
  5 rats
49 creatures vanquished.

Notes
Turn   | Place    | Note
-------+----------+-------------------------------------------
     0 | D:1      | srzhan31 the Gargoyle Conjurer began the quest for the Orb.
     0 | D:1      | Reached XP level 1. HP: 10/10 MP: 3/3
   150 | D:1      | Reached XP level 2. HP: 15/15 MP: 1/5
   153 | D:1      | Learned a level 2 spell: Searing Ray
   852 | D:1      | Reached XP level 3. HP: 20/20 MP: 3/6
  1338 | D:2      | Reached skill level 5 in Conjurations
  1894 | D:2      | Reached skill level 1 in Fighting
  1964 | D:2      | Reached skill level 1 in Armour
  2503 | D:3      | Reached skill level 1 in Shields
  2503 | D:3      | Reached XP level 4. HP: 25/25 MP: 3/7
  2504 | D:3      | Noticed Ijyb
  2549 | D:3      | HP: 1/25 [Ijyb/puff of flame (7)]
  2554 | D:3      | Killed from afar by Ijyb

Illustrated notes

Levels and vault maps discovered:
D:1:      dpeg_arrival_arbitrary_c, layout_basic, dk_noncrumbling_2
D:2:      layout_loops_corners
D:3:      layout_loops_cross, lightli_sewer_entry_pipes, uniq_ijyb, uniq_terence

Skill      XL: |  1  2  3 |
---------------+----------+-----
Conjurations   | 5 |  5.3
Fighting       | 1 |  1.2
Armour         | 1 |  1.1
Shields        | 1 |  1.0
Staves         | |  0.7
Dodging        | |  1.8
Stealth        | |  2.1
Spellcasting   | |  2.3

Action                   |  1- 3 |  4- 6 || total
-------------------------+-------+-------++-------
Melee: Quarterstaff      |     6 |       ||     6
 Cast: Magic Dart        |    48 |     1 ||    49
       Searing Ray       |    13 |     1 ||    14
Armor: Robe              |     9 |       ||     9
       Leather armour    |     2 |     1 ||     3
Dodge: Dodged            |    14 |     1 ||    15

Table legend: (Time is in decaauts)
 A = Elapsed time spent in this place.
 B = Non-inter-level travel time spent in this place.
 C = Inter-level travel time spent in this place.
 D = Time resting spent in this place.
 E = Time spent auto-exploring this place.
 F = Levels seen in this place.
 G = Mean time per level.
                   A        B        C        D        E       F      G
               +--------+--------+--------+--------+--------+-----+--------+
         Total |   2555 |   2493 |     62 |      0 |   2084 |   3 |  851.7 |
       Dungeon |   2555 |   2493 |     62 |      0 |   2084 |   3 |  851.7 |
               +--------+--------+--------+--------+--------+-----+--------+

Top non-repeatable levels by time:
     D:2: 1303 daAuts
     D:1: 1177 daAuts
     D:3: 75 daAuts
